 Dungeon Crawl Stone Soup version 0.29-a0-271-gd4eb659eea (webtiles) character file.

Game seed: 17882678761198374046

153 Hasart the Shooter (level 4, -5/37 HPs)
             Began as a Demigod Hunter on Mar 9, 2022.
             Slain by a gnoll
             ... wielding a +0 halberd
              (8 damage)
             ... on level 3 of the Dungeon.
             The game lasted 00:03:26 (1804 turns).

Hasart the Shooter (Demigod Hunter)                 Turns: 1804, Time: 00:03:26

Health: -5/37      AC:  4    Str: 13    XL:     4   Next: 88%
Magic:  6/6        EV: 12    Int: 13    God:
Gold:   171        SH:  0    Dex: 18    Spells: 3/3 levels left

rFire   . . .      SeeInvis .   a - +1 shortbow
rCold   . . .      Faith    .   (shield currently unavailable)
rNeg    . . .      Spirit   .   b - +0 leather armour
rPois   .          Reflect  .   (no helmet)
rElec   .          Harm     .   (no cloak)
rCorr   .          Rampage  .   (no gloves)
Will    .....                   j - +0 pair of boots
Stlth   ++........              (no amulet)
HPRegen 0.12/turn               (no ring)
MPRegen 0.10/turn               (no ring)

@: no status effects
A: high MP 1, forlorn, divine attributes
a: no special abilities


You were on level 3 of the Dungeon.
You visited 1 branch of the dungeon, and saw 3 of its levels.

You collected 171 gold pieces.

Inventory:

Hand Weapons
 a - a +1 shortbow (weapon)
Armour
 b - a +0 leather armour (worn)
 j - a +0 pair of boots (worn)
Scrolls
 c - 2 scrolls of immolation
 h - a scroll of amnesia {unknown}
 k - 2 scrolls of teleportation {unknown}
 l - 2 scrolls of identify {unknown}
 n - a scroll of summoning {unknown}
Potions
 d - 2 potions of flight {unknown}
 e - a potion of brilliance {unknown}
 f - a potion of lignification {unknown}
 g - 2 potions of heal wounds {unknown}
 i - a potion of mutation {unknown}
 m - a potion of curing {unknown}
 o - a potion of resistance {unknown}


   Skills:
 + Level 2.6 Fighting
 * Level 4.6 Bows
 + Level 2.6 Dodging
 + Level 2.3 Stealth


You had 3 spell levels left.
You didn't know any spells.
Your spell library contained the following spells:

 Spells                   Type           Power      Damage    Failure   Level
 Animate Skeleton         Necr           0%         N/A       36%         1
 Apportation              Tloc           0%         N/A       36%         1
 Summon Small Mammal      Summ           0%         N/A       36%         1


Dungeon Overview and Level Annotations

Branches:
Dungeon (3/15)

Annotations:
D:2 Sigmund


Innate Abilities, Weirdness & Mutations

You have an increased reservoir of magic. (+10% MP)
You shall have no god before yourself.
Your divine heritage dramatically boosts your attributes as you level up.


Message History

Shoot: a) +1 shortbow
Press: ? - help, Q - select action Shift-Dir - straight line, f/p - gnoll
Aim: a gnoll, wielding a +0 halberd (heavily wounded, 69% to hit)
You shoot an arrow. The arrow closely misses the quokka.
The arrow hits the gnoll.
The gnoll is severely wounded.
The quokka bites you.
* * * LOW HITPOINT WARNING * * *
The quokka bites you.
* * * LOW HITPOINT WARNING * * *
Shoot: a) +1 shortbow
Press: ? - help, Q - select action Shift-Dir - straight line, f/p - gnoll
Aim: a gnoll, wielding a +0 halberd (heavily wounded, 69% to hit)
You shoot an arrow. The arrow hits the quokka.
You kill the quokka!
The gnoll throws a stone.
The stone hits you.
* * * LOW HITPOINT WARNING * * *
The gnoll barely misses you.
Shoot: a) +1 shortbow
Press: ? - help, Q - select action Shift-Dir - straight line, f/p - gnoll
Aim: a gnoll, wielding a +0 halberd (heavily wounded, 69% to hit)
You shoot an arrow. The arrow hits the gnoll.
The gnoll is severely wounded.
The gnoll barely misses you.
The gnoll hits you from afar with a +0 halberd.
* * * LOW HITPOINT WARNING * * *
Shoot: a) +1 shortbow
Press: ? - help, Q - select action Shift-Dir - straight line, f/p - gnoll
Aim: a gnoll, wielding a +0 halberd (severely wounded, 69% to hit)
You shoot an arrow.
The arrow hits the gnoll but does no damage.
The gnoll is severely wounded.
The gnoll hits you but does no damage. The gnoll barely misses you.
Shoot: a) +1 shortbow
Press: ? - help, Q - select action Shift-Dir - straight line, f/p - gnoll
Aim: a gnoll, wielding a +0 halberd (heavily wounded, 69% to hit)
You shoot an arrow. The arrow hits the gnoll.
You kill the gnoll!
The gnoll hits you from afar with a +0 halberd!
You die...

....##### >.......#
...####.# ...# #.# . ...#
#.## .. '### #..# ... .#
##.## ######.... .
######..########g........
...............@)g........
########..###.###.........
##.###.............
#..##..........##. #
##.##..........# ##
#.##..........# ...
#.##.########## ##.#
#..#'###### ##.#
##........#


You could see 2 gnolls.

Vanquished Creatures
  A howler monkey (D:3)
  4 gnolls
  2 adders
  2 worms
  2 dart slugs
  An orc (D:3)
  8 endoplasms
  7 hobgoblins
  4 quokkas
  6 ball pythons
  8 bats
  3 frilled lizards
  3 goblins
  4 kobolds
  5 rats
60 creatures vanquished.

Notes
Turn   | Place    | Note
-------+----------+-------------------------------------------
     0 | D:1      | Hasart the Demigod Hunter began the quest for the Orb.
     0 | D:1      | Reached XP level 1. HP: 17/17 MP: 3/3
   106 | D:1      | Reached skill level 1 in Stealth
   320 | D:1      | Reached XP level 2. HP: 24/24 MP: 4/4
   750 | D:2      | Reached skill level 4 in Bows
   782 | D:2      | Reached XP level 3. HP: 14/29 MP: 5/5
  1391 | D:2      | Reached XP level 4. HP: 37/37 MP: 6/6
  1400 | D:2      | Noticed Sigmund
  1804 | D:3      | Slain by a gnoll

Illustrated notes

Levels and vault maps discovered:
D:1:      ncdulo_smallfort, layout_loops_ring
D:2:      layout_basic, basic_altar, uniq_sigmund
D:3:      layout_basic, hellmonk_ecumenical_altar_zigzags

Skill      XL: |  1  2  3  4 |
---------------+-------------+-----
Stealth        | 1 2 |  2.3
Dodging        | 2 |  2.6
Fighting       | 2 |  2.6
Bows           | 4 |  4.6

Action                   |  1- 3 |  4- 6 || total
-------------------------+-------+-------++-------
 Fire: Shortbow          |    90 |    56 ||   146
Armor: Leather armour    |    15 |     3 ||    18
Dodge: Dodged            |    20 |    13 ||    33

Table legend: (Time is in decaauts)
 A = Elapsed time spent in this place.
 B = Non-inter-level travel time spent in this place.
 C = Inter-level travel time spent in this place.
 D = Time resting spent in this place.
 E = Time spent auto-exploring this place.
 F = Levels seen in this place.
 G = Mean time per level.
                   A        B        C        D        E       F      G
               +--------+--------+--------+--------+--------+-----+--------+
         Total |   1850 |   1790 |     60 |      0 |   1482 |   3 |  616.7 |
       Dungeon |   1850 |   1790 |     60 |      0 |   1482 |   3 |  616.7 |
               +--------+--------+--------+--------+--------+-----+--------+

Top non-repeatable levels by time:
     D:2: 751 daAuts
     D:1: 706 daAuts
     D:3: 392 daAuts
